 Dungeon Crawl Stone Soup version 0.25.1-8-g42b30a86e7 (webtiles) character file.

Game seed: 5347987953374467497

84 Descartes the Gusty (level 4, 0/24 HPs)
             Began as a Deep Elf Air Elementalist on Dec 11, 2020.
             Slain by a worker ant (3 damage)
             ... on level 2 of the Dungeon.
             The game lasted 00:04:36 (2205 turns).

Descartes the Gusty (Deep Elf Air Elementalist)     Turns: 2205, Time: 00:04:36

Health: 0/24       AC:  3    Str:  5    XL:     4   Next: 24%
Magic:  1/12       EV: 13    Int: 21    God:
Gold:   34         SH:  0    Dex: 15    Spells: 10/11 levels left

rFire    . . .     SeeInvis .   i - +1 dagger (freeze)
rCold    . . .     Gourm    .   (no shield)
rNeg     . . .     Faith    .   a - +0 robe
rPois    .         Spirit   .   f - +0 helmet
rElec    .         Reflect  .   (no cloak)
rCorr    .         Harm     .   (no gloves)
MR       .....                  (no boots)
Stlth    +.........             (no amulet)
HPRegen  0.08/turn              h - ring of attention (curse)
MPRegen  0.13/turn              (no ring)

@: lethally poisoned (0 -> -10), very slightly contaminated
A: no striking features
a: no special abilities


You were on level 2 of the Dungeon.
You were not hungry.

You visited 1 branch of the dungeon, and saw 2 of its levels.

You collected 34 gold pieces.

Inventory:

Hand Weapons
 i - a +1 dagger of freezing (weapon)
Missiles
 d - 42 stones (quivered)
 g - 4 atropa-tipped darts
Armour
 a - a +0 robe (worn)
 f - a +0 helmet (worn)
Jewellery
 h - a cursed ring of attention (left hand)
Potions
 e - 3 potions of curing
Comestibles
 b - 6 chunks of flesh
 c - 3 rations


   Skills:
 + Level 2.5 Dodging
 + Level 2.5 Stealth
 + Level 0.1 Unarmed Combat
 + Level 4.0 Spellcasting
 + Level 1.7 Conjurations
 + Level 4.3 Air Magic


You had 10 spell levels left.
You knew the following spells:

 Your Spells              Type           Power        Failure   Level  Hunger
a - Shock                 Conj/Air       ###.         3%          1    None

Your spell library contained the following spells:

 Spells                   Type           Power        Failure   Level  Hunger
 Swiftness                Chrm/Air       ##......     8%          2    #......
 Static Discharge         Conj/Air       ###.....     11%         3    ###....
 Airstrike                Air            ###.......   21%         4    ####...
 Lightning Bolt           Conj/Air       ###.......   67%         5    ######.


Dungeon Overview and Level Annotations

Branches:
Dungeon (2/15)

Altars:


Message History

You don't have enough magic to cast that spell.
Unknown command.
Unknown command.
Casting: Shock (safe; 3% risk of failure)
Confirm with . or Enter, or press ? or * to list all spells.
You don't have enough magic to cast that spell.
You feel sick. The worker ant misses you.
You feel sick. The worker ant barely misses you.
There is a stone staircase leading down here.
The worker ant bites you.
You feel sick. The worker ant bites you.
* * * LOW HITPOINT WARNING * * *
There is a stone staircase leading up here.
The worker ant bites you.
* * * LOW HITPOINT WARNING * * *
You are lethally poisoned!
The worker ant poisons you! The worker ant bites you.
You die...

#........ #. ..
######.#. #.##.##.#
#>.....#. #.......#
#.......#
#.......######........
#..#.#..#......#......
##..#.#..#......#.....#
##........#............#
#......@..#...........##
#.....a..#♣.♣........##
#.....>.♣.....♣..##.##
##........♣.♣.....#.#
##.###♣.♣)÷)♣.♣....# #.#
#...♣...÷..### #.#
♣.♣...♣.♣.## ...
#..♣.♣....# ...
#♣.....♣.## #


You could see a worker ant.

Vanquished Creatures
  Robin (D:2)
  2 adders (D:2)
  2 leopard geckos
  A ball python (D:1)
  13 goblins
  6 hobgoblins
  8 jackals (D:1)
  3 kobolds
  3 bats (D:1)
  2 frilled lizards
  8 rats
49 creatures vanquished.

Notes
Turn   | Place    | Note
-------+----------+-------------------------------------------
     0 | D:1      | Descartes the Deep Elf Air Elementalist began the quest for
                  | the Orb.
     0 | D:1      | Reached XP level 1. HP: 10/10 MP: 6/6
   422 | D:1      | Reached XP level 2. HP: 15/15 MP: 4/8
  1302 | D:2      | Reached XP level 3. HP: 19/19 MP: 6/9
  1552 | D:2      | Noticed Robin
  1577 | D:2      | Killed Robin
  1954 | D:2      | Reached XP level 4. HP: 24/24 MP: 8/11
  2205 | D:2      | Slain by a worker ant

Illustrated notes

Levels and vault maps discovered:
D:1:      mrwooster_arrival_statue_2, layout_loops_cross
D:2:      layout_loops_cross, lemuel_doored_altar, serial_forest,
          infiniplex_forest_lined_ring, infiniplex_forest_zigzag_1,
          infiniplex_forest_lined_ring, infiniplex_forest_end_2,
          infiniplex_forest_diagonal, infiniplex_forest_corner_1,
          infiniplex_forest_lined_corner, uniq_crazy_yiuf_cottage, uniq_robin

Skill      XL: |  1  2  3  4 |
---------------+-------------+-----
Air Magic      | 4 |  4.3
Spellcasting   | 4 |  4.0
Dodging        | |  2.5
Stealth        | |  2.5
Unarmed Combat | |  0.1
Conjurations   | |  1.7

Action                   |  1- 3 |  4- 6 || total
-------------------------+-------+-------++-------
Melee: Unarmed           |    22 |       ||    22
 Cast: Shock             |    97 |    29 ||   126
  Use: Scroll            |     2 |       ||     2
  Eat: Chunk             |     3 |     1 ||     4
Armor: Robe              |     6 |     1 ||     7
Dodge: Dodged            |    54 |    12 ||    66
